montu, chaotic male human Wizard # ---------- ---.-- --------------- #.........| |.....# ----- -------- ########-.............| #|........| #.)...|######+...| |......| # |.............| ###.........| ###|....| |...| |.......## |.*............# # #|........| # |....|######+...| |..<...| -------.-------# ### #|.........### -.----# ---|- |......+# # # # #-------.--############ ## |......|#####################*###################G%## # # ----.--- # # # # #@## # ### # # #### # ### ### # * # ## -------# #### # ### ### # ####|.....|# ### # ### # # -----------|--- # #......|# # #####*############ ---+- |.............| ### |......# ### --.---.---.- |...| #..............| # |.....|####### ##########-..........| |....#####|..............## ------- ### |.......>..| |...| |.............| # |..........| ----- |..............################# |..........| --------------- ------------ montu the Conjurer Experience level: 4 Strength: 14 Dexterity: 13 Constitution: 12 Intelligence: 18 Wisdom: 12 Charisma: 8 Health: 0(39) Energy: 24(35) Def: 1 Gold: 91 Moves: 2398 Dungeon seed: ZneWNJLj7m45-o8k Game ID: montu_1681425430 Your Inventory: Coins $ - 91 gold pieces Weapons a - a blessed +1 quarterstaff i - 2 uncursed +0 orcish daggers l - an uncursed +0 elven dagger (weapon in hand) Armor e - an uncursed +0 cloak of magic resistance (being worn) n - an uncursed +0 mummy wrapping Comestibles z - an uncursed partly eaten lembas wafer F - 2 uncursed food rations Scrolls m - an uncursed scroll of scare monster o - an uncursed scroll of confuse monster q - an uncursed scroll of identify D - an uncursed scroll of remove curse Potions B - an uncursed potion of monster detection E - an uncursed potion of healing Wands b - an uncursed wand of striking (0:5) Tools h - an uncursed blindfold A - an uncursed leash C - an uncursed leash Spells and supernatural/magical abilities: Name Level Category Cost Memory a - force bolt 1 attack 8pw 97% d - dig 2 matter 25pw 97% m - magic missile 2 attack 16pw 97% s - slow monster 2 enchantment 16pw 97% W - pray for help -- divine ? -- Your skills at the end: Fighting Skills wands [Basic] Weapon Skills dagger [Basic] quarterstaff [Basic] Spellcasting Skills attack spells [Basic] enchantment spells [Basic] Final Attributes: You were piously aligned. You were magic resistant. You were lucky. You last prayed 151 turns ago. Anhur was noncommittal. You are dead. Vanquished creatures: a gnome lord a kobold mummy a kitten a hobbit a large kobold a giant rat 7 garter snakes a gnome zombie 4 geckos 8 jackals a fox 2 goblins 9 grid bugs 3 lichens 4 newts 45 creatures vanquished. Voluntary challenges: You used a wielded weapon 97 times, starting on turn 162. You read items or engraved 1 time, starting on turn 1212. You never genocided any monsters. You never polymorphed an object. You never changed form. You used no wishes. You never split a pudding. You never wrote Elbereth's name. You never violated your personal moral code. Dungeon overview: The Dungeons of Doom: levels 1 to 5 Level 1 an altar to Anhur, some fountains a long staircase Level 2 Level 3 a scroll shop, a sink a long staircase Level 4 some fountains Level 5 <- You were here History has recorded: On T:1 you entered the Dungeons of Doom to retrieve the Amulet of Yendor! On T:497 you reached level 2 of The Dungeons of Doom. On T:871 you reached level 3 of The Dungeons of Doom. On T:881 you advanced to experience level 2. On T:1299 you advanced to experience level 3. On T:1340 you reached level 4 of The Dungeons of Doom. On T:1682 you reached level 5 of The Dungeons of Doom. On T:2252 you advanced to experience level 4. Score breakdown: Gold: 91 ( 6680 points) Experience: 4 levels ( 9649 points) Exploration: 5 levels ( 10.00%) ( 8571 points) Discoveries: 11 items ( 3.69%) ( 5763 points) Valuables value: (no points given unless you survive) Artifact value: 0 ( 0 points) Variety of kills: 15 monsters ( 3.95%) ( 5960 points) Turncount: 2398 turns ( -269 points) Survival: died (score multiplied by 80%) Total score: 29083 Latest messages: You hit the grid bug. The grid bug bites! You are zapped! You kill the grid bug! You hit the gnome lady. The gnome lady wields a thonged club! You hit the gnome lady. The gnome lady swings her thonged club at you. The gnome lady hits! (2x) You hit the gnome lady. You miss the gnome lady. The gnome lady swings her thonged club at you. The gnome lady hits! (2x) You hit the gnome lady! The gnome lady swings her thonged club at you. The gnome lady hits! (2x) You kill the gnome lady! The force bolt hits the gnome lady! The gnome lady hits! You begin praying to Anhur. The gnome lady hits! You die... For some reason, you think that you can almost hear the Wizard laugh manically... Final status: Goodbye montu the Wizard, killed by a gnome lady, while praying... You died in The Dungeons of Doom on dungeon level 5 with 29083 points, and 91 pieces of gold, after 2398 moves. You were level 4 with a maximum of 39 hit points when you died.